 Dungeon Crawl Stone Soup version 0.23-a0-169-gb21e695 (webtiles) character file.

177 Amnesiac the Chiller (level 5, -1/35 HPs)
             Began as a Mummy Ice Elementalist on Sept 11, 2018.
             Was a Follower of Vehumet.
             Killed by divine providence
             ... invoked by an orc priest
              (14 damage)
             ... on level 3 of the Dungeon.
             The game lasted 00:04:26 (2145 turns).

Amnesiac the Chiller (Mummy Ice Elementalist)       Turns: 2145, Time: 00:04:27

Health: -1/35      AC:  5    Str: 11    XL:     5   Next: 31%
Magic:  11/11      EV: 11    Int: 16    God:    Vehumet [*.....]
Gold:   183        SH:  2    Dex: 12    Spells: 4/12 levels left

rFire    x . .     SeeInvis .   a - +0 hunting sling
rCold    + . .     Gourm    .   (no shield)
rNeg     + + +     Faith    .   i - +0 leather armour (curse)
rPois    ∞         Spirit   .   o - +1 helmet
rElec    .         Reflect  +   (no cloak)
rCorr    .         Harm     .   (no gloves)
MR       .....                  (no boots)
Stlth    +.........             k - +2 amulet of reflection
HPRegen  0.11/turn              (no ring)
MPRegen  0.12/turn              (no ring)

@: no status effects
A: no food or potions, fire vulnerability, cold resistance 1, negative energy
resistance 3, torment resistance, unbreathing
a: Renounce Religion


You were on level 3 of the Dungeon.
You worshipped Vehumet.
Vehumet was aware of your devotion.
You were not hungry.

You visited 2 branches of the dungeon, and saw 5 of its levels.

You collected 183 gold pieces.

Inventory:

Hand Weapons
 a - a +0 hunting sling (weapon)
 b - a +1 short sword of electrocution
Missiles
 e - 108 stones (quivered)
Armour
 i - a cursed +0 leather armour (worn)
 o - a +1 helmet (worn)
Jewellery
 k - a +2 amulet of reflection (around neck)
Wands
 m - a wand of polymorph (9)
Scrolls
 c - a scroll of immolation {!r}
 d - 2 scrolls of identify {!r}
 l - a scroll of magic mapping {!r}


   Skills:
 - Level 1.5 Dodging
 - Level 1.5 Stealth
 + Level 4.2 Spellcasting
 - Level 0.7 Conjurations
 * Level 4.4 Ice Magic


You had 4 spell levels left.
You knew the following spells:

 Your Spells              Type           Power        Failure   Level  Hunger
a - Freeze                Ice            ###.         3%          1    N/A
d - Throw Icicle          Conj/Ice       ##......     58%         4    N/A
z - Ozocubu's Armour      Chrm/Ice       ##......     26%         3    N/A

Your spell library contained the following spells:

 Spells                   Type           Power        Failure   Level  Hunger
 Magic Dart               Conj           #...         16%         1    N/A
 Throw Frost              Conj/Ice       ##....       12%         2    N/A
 Summon Ice Beast         Ice/Summ       ##......     65%         4    N/A

Dungeon Overview and Level Annotations

Branches:
Dungeon (4/15)             Temple (1/1) D:4

Altars:
Cheibriados
Dithmenos
Kikubaaqudgha
Makhleb
Nemelex Xobeh
Okawaru
Sif Muna
Vehumet
Wu Jian
Zin
The Shining One

Annotations:
D:3 Sigmund


Innate Abilities, Weirdness & Mutations

You do not eat or drink.
Your flesh is vulnerable to fire.
You are immune to poison.
Your flesh is cold resistant. (rC+)
You are immune to negative energy. (rN+++)
You are immune to unholy pain and torment.
You can survive without breathing.


Message History

The orc is severely wounded.
You hear a shout!
An orc priest comes into view. It is wielding a flail.
An orc priest comes into view. It is wielding a club.
Firing (i - inventory)
e - 112 stones (quivered)
Press: ? - help, Shift-Dir - straight line, f/p - orc
Aim: an orc, wielding a flail and wearing a leather armour (severely wounded)
You shoot a stone. The stone hits the bat.
The bat is severely wounded.
The bat hits you but does no damage.
An orc comes into view. It is wielding a flail.
Firing (i - inventory)
e - 111 stones (quivered)
Press: ? - help, Shift-Dir - straight line, f/p - bat
Aim: a bat (severely wounded)
You shoot a stone. The stone misses the bat.
The orc shouts!
The bat hits you.
An adder comes into view.
An orc comes into view. It is wielding a flail.
The adder moves out of view.
A ball python comes into view.
Firing (i - inventory)
e - 110 stones (quivered)
Press: ? - help, Shift-Dir - straight line, f/p - bat
Aim: a bat (severely wounded)
You shoot a stone. The stone closely misses the bat.
The orc shouts!
The ball python hisses angrily.
You hear a shout!
The bat barely misses you.
The orc priest miscasts a cantrip.
The orc priest invokes the aid of Beogh against you.
Beogh smites you!
You hear an angry hiss.
Firing (i - inventory)
e - 109 stones (quivered)
Press: ? - help, Shift-Dir - straight line, f/p - bat
Aim: a bat (severely wounded)
You shoot a stone. The adder hisses angrily.
The stone hits the bat.
You kill the bat!
Vehumet accepts your kill.
A frilled lizard comes into view.
The orc priest invokes the aid of Beogh against you.
Beogh smites you!
* * * LOW HITPOINT WARNING * * *
A bat comes into view.
The bat moves out of view.
Really read
l - 2 scrolls labeled LIPLYCADIME {!r}?
As you read the scroll labeled LIPLYCADIME {!r}, it crumbles to dust.
You feel aware of your surroundings.
You sensed 1 altar.
It was a scroll of magic mapping {!r}.
The orc closely misses you.
Really read
g - a scroll labeled YMUBROI OFUDU {!r}?
As you read the scroll labeled YMUBROI OFUDU {!r}, it crumbles to dust.
You assume a fearsome visage.
The orc looks frightened!
The orc priest looks frightened!
It was a scroll of fear {!r}.
Really read
n - a scroll labeled YMIYS OHINOE {!r}?
As you read the scroll labeled YMIYS OHINOE {!r}, it crumbles to dust.
It is a scroll of enchant armour.
Your +0 helmet glows green for a moment.
Really read
h - a scroll labeled XAYSACAUMM {!r}?
As you read the scroll labeled XAYSACAUMM {!r}, it crumbles to dust.
Your ears itch!
It was a scroll of random uselessness {!r}.
The orc priest invokes the aid of Beogh against you.
Beogh smites you!
You die...

# ####,,,,,,,*,,,*#..........#*#.
# *####+##**,..##..........# #.
#####.....#..,*#.............###.
.........##...*#.................
###...........##....#.....######.
.....$.........$............#.##>
..........@,.............†....##.
###.#.###.######.................
# #.#$.,,.......@..o.............
# #.#...,....#######o............
# #.#,....,,,* #.....#....##. #
#.#,....,,,#######..o.......... #
#.#,,,,,,,,#.......(....(...... #
#.#,,,,,,,,#......#.#.#........ #
#.#,,,,,,,,#...o....._......... #
#.#,,,,,,,,#.o(.....#.#.....##. #
#.#,,,,,,,.....l.........##.*#.


You could see an orc priest and an orc.

Vanquished Creatures
  Jessica (D:3)
  Ijyb (D:3)
  Robin (D:3)
  4 adders (D:2)
  2 oozes (D:2)
  5 dart slugs
  2 leopard geckos (D:3)
  An orc (D:3)
  2 ball pythons
  3 giant cockroaches
  14 goblins
  8 hobgoblins
  A quokka (D:3)
  4 bats
  4 frilled lizards
  2 kobolds (D:1)
  3 rats (D:2)
58 creatures vanquished.

Notes
Turn   | Place    | Note
-------+----------+-------------------------------------------
     0 | D:1      | Amnesiac the Mummy Ice Elementalist began the quest for the
                  | Orb.
     0 | D:1      | Reached XP level 1. HP: 13/13 MP: 4/4
     6 | D:1      | Noticed a crocodile
     6 | D:1      | Noticed a swamp drake
     6 | D:1      | Noticed a salamander
     7 | D:1      | Noticed a swamp worm
   288 | D:3      | Noticed Sigmund
   367 | D:3      | Noticed Robin
   368 | D:3      | Reached XP level 2. HP: 19/19 MP: 3/5
   741 | D:4      | Found a staircase to the Ecumenical Temple.
   750 | Temple   | Entered the Ecumenical Temple
   754 | Temple   | Became a worshipper of Vehumet
   780 | D:2      | Noticed Jessica
   787 | D:3      | Killed Jessica
   787 | D:3      | Reached XP level 3. HP: 16/24 MP: 4/7
   897 | D:2      | Reached XP level 4. HP: 28/30 MP: 7/9
   902 | D:2      | Learned a level 3 spell: Ozocubu's Armour
   907 | D:2      | Learned a level 4 spell: Throw Icicle
   954 | D:2      | Found an ancient bone altar of Kikubaaqudgha.
  1334 | D:1      | Reached * piety under Vehumet
  1334 | D:1      | Offered knowledge of Magic Dart by Vehumet.
  1877 | D:3      | Noticed Ijyb
  1890 | D:3      | Killed Ijyb
  1890 | D:3      | Reached XP level 5. HP: 29/35 MP: 1/11
  2055 | D:3      | Killed Robin
  2123 | D:3      | Found a glowing silver altar of Zin.
  2145 | D:3      | Killed from afar by an orc priest

Vault maps used:
D:1:      onia_arrival_zoo_common
D:2:      nicolae_overflow_crystal_walls, uniq_jessica
D:3:      led_xom_imps, lemuel_crystal_altar, uniq_sigmund, uniq_ijyb,
          uniq_robin
D:4:      old_standard_altar, gammafunk_temple_overflow_forgotten,
          minmay_temple_entry_glass, first_ration
Temple:   nicolae_temple_x_marks_the_god

Skill      XL: |  1  2  3  4 |
---------------+-------------+-----
Ice Magic      | 3 4 |  4.4
Spellcasting   | 3 4 |  4.2
Dodging        | |  1.5
Stealth        | |  1.5
Conjurations   | |  0.7

Action                   |  1- 3 |  4- 6 || total
-------------------------+-------+-------++-------
Melee: Unarmed           |     3 |       ||     3
       Short sword       |       |     5 ||     5
 Fire: Hunting sling     |    22 |    55 ||    77
 Cast: Freeze            |    25 |    38 ||    63
  Use: Scroll            |     1 |     4 ||     5
 Stab: Sleeping          |       |     1 ||     1
Armor: Robe              |     4 |     1 ||     5
       Leather armour    |       |     8 ||     8
Dodge: Dodged            |    17 |    30 ||    47
Block: Other             |       |     2 ||     2

Table legend:
 A = Non-vault XP
 B = Vault XP
 C = Vault XP percentage of total XP
 D = Non-vault monster count
 E = Vault monster count
 F = Vault count percentage of total count
                 A         B        C        D         E       F
            +---------+---------+-------+---------+---------+-------
      Total |     144 |     110 |  43.3 |      44 |      14 |  24.1
            +---------+---------+-------+---------+---------+-------
        D:1 |      16 |       0 |   0.0 |       8 |       0 |   0.0
        D:2 |     106 |       2 |   1.9 |      25 |       1 |   3.8
        D:3 |      22 |     108 |  83.1 |      11 |      13 |  54.2
            +---------+---------+-------+---------+---------+-------
